 Dungeon Crawl Stone Soup version 0.30-a0-364-gf6b3ef1049 (webtiles) character file.

Game seed: 9261100185170306606

875 marietta the Covert (level 7, -1/33 HPs)
             Began as a Spriggan Brigand on Nov 15, 2022.
             Succumbed to a water moccasin's poison
             ... on level 5 of the Dungeon.
             The game lasted 00:11:20 (4247 turns).

marietta the Covert (Spriggan Brigand)              Turns: 4247, Time: 00:11:20

Health: -1/33      AC:  3    Str:  7    XL:     7   Next: 74%
Magic:  2/8        EV: 16    Int: 15    God:
Gold:   322        SH:  0    Dex: 16    Spells: 6/6 levels left

rFire   . . .      SeeInvis +    b - +0 rapier
rCold   . . .      Faith    .    (no shield)
rNeg    . . .      Spirit   +    i - +0 robe of Ywkyny {Harm Regen+}
rPois   .          Reflect  .    (helmet restricted)
rElec   .          Harm     +    c - +0 cloak
rCorr   .          Rampage  .    (gloves unavailable)
Will    +....                    (boots unavailable)
Stlth   +++++.....               g - amulet of guardian spirit
HPRegen 1.05/turn                (no ring)
MPRegen 0.11/turn                (no ring)

@: lethally poisoned (-1 -> -9), very quick
A: very small, no large weapons, unfitting armour, see invisible, speed 3
a: no special abilities


You were on level 5 of the Dungeon.
You visited 1 branch of the dungeon, and saw 5 of its levels.

You collected 322 gold pieces.

Inventory:

Hand Weapons
 a - a +2 dagger
 b - a +0 rapier (weapon)
 t - a +1 short sword of draining
Missiles
 d - 11 poisoned darts
 e - 3 curare-tipped darts
Armour
 c - a +0 cloak (worn)
 i - the +0 robe of Ywkyny (worn) {Harm Regen+}
   (You found it on level 2 of the Dungeon)

   Regen:     It increases your rate of health regeneration.
   Harm:      It increases damage dealt and taken.
 q - the +1 robe of Beastly Birdsong {Rampage rElec Will+++ Dex-5}
   (You found it on level 4 of the Dungeon)

   Dex:       It affects your dexterity (-5).
   rElec:     It insulates you from electricity.
   Rampage:   It bestows one free step when moving towards enemies.
   Will:      It greatly increases your willpower.
Jewellery
 g - an amulet of guardian spirit (around neck)
 s - an amulet of reflection
Wands
 w - a wand of polymorph (2) (quivered)
Scrolls
 h - 2 scrolls of teleportation {unknown}
 j - 7 scrolls of identify {unknown}
 l - 4 scrolls of fear {unknown}
 p - a scroll of butterflies {unknown}
 u - a scroll of summoning {unknown}
 x - a scroll of silence {unknown}
 y - a scroll of magic mapping {unknown}
 B - a scroll of noise {unknown}
Potions
 f - 3 potions of haste
 k - 6 potions of curing
 m - 3 potions of attraction {unknown}
 n - 2 potions of heal wounds {unknown}
 o - a potion of flight {unknown}
 r - 2 potions of lignification {unknown}
 v - a potion of mutation {unknown}
 z - a potion of degeneration {unknown}
 A - a potion of invisibility {unknown}
 C - a potion of brilliance {unknown}


   Skills:
 - Level 1.5 Fighting
 + Level 6.0 Short Blades
 - Level 2.0 Throwing
 - Level 1.3 Dodging
 * Level 12.4 Stealth


You had 6 spell levels left.
You didn't know any spells.
Your spell library contained the following spells:

 Spells                   Type           Power      Damage    Failure   Level
 Sandblast                Erth           0%         2d4       26%         1
 Slow                     Hex            0%         N/A       26%         1
 Passwall                 Tmut/Erth      0%         N/A       38%         2
 Sublimation of Blood     Necr           0%         N/A       38%         2
 Wereblood                Tmut           0%         N/A       38%         2
 Confusing Touch          Hex            0%         N/A       63%         3
 Gell's Gravitas          Tloc           0%         N/A       63%         3
 Kindle Blastsparks       Fire/Tloc/Air  0%         2d10      63%         3
 Ozocubu's Armour         Ice            0%         N/A       63%         3
 Stone Arrow              Conj/Erth      0%         3d7       63%         3
 Teleport Other           Tloc           0%         N/A       63%         3
 Tukima's Dance           Hex            0%         N/A       63%         3
 Vampiric Draining        Necr           0%         2d6       63%         3
 Fulminant Prism          Conj/Hex       0%         3d5       95%         4
 Iskenderun's Mystic Bla  Conj/Tloc      0%         2d3       95%         4
 Passage of Golubria      Tloc           0%         N/A       95%         4
 Lee's Rapid Deconstruct  Erth           0%         3d4*      100%        5
 Yara's Violent Unravell  Hex/Tmut       0%         3d3       100%        5
 Dispersal                Tloc           0%         N/A       100%        6
 Ozocubu's Refrigeration  Ice            0%         4d7       100%        7
 Summon Hydra             Summ           0%         N/A       100%        7


Dungeon Overview and Level Annotations

Branches:
Dungeon (5/15)
 Temple: D:4-7

Altars:
Elyvilon
Ru
Sif Muna
Wu Jian
Yredelemnul
The Shining One

Shops:
D:4 *


Innate Abilities, Weirdness & Mutations

You are very small and have problems with some larger weapons.
You are too small for most types of armour.
You have supernaturally acute eyesight. (SInv)
You cover ground extremely quickly. (Speed+++)


Message History

You closely miss the water moccasin. Your punch misses the water moccasin.
The water moccasin bites you.
You hit the water moccasin.
The water moccasin is moderately wounded.
You feel sick. The water moccasin closely misses you.
You hit the water moccasin.
The water moccasin is moderately wounded.
You feel sick. The water moccasin closely misses you.
You hit the water moccasin but do no damage.
The water moccasin is moderately wounded.
You feel sick. The water moccasin bites you.
The water moccasin completely misses you.
You closely miss the water moccasin.
The water moccasin is moderately wounded.
You feel sick.
You are no longer poisoned.
The water moccasin bites you!
You are poisoned.
The water moccasin poisons you!
You barely miss the water moccasin.
The water moccasin is moderately wounded.
You feel very sick. The water moccasin bites you!
* * * LOW HITPOINT WARNING * * *
You are lethally poisoned!
The water moccasin poisons you!
You hit the water moccasin but do no damage.
The water moccasin is moderately wounded.
* * * LOW HITPOINT WARNING * * *
You feel very sick.
The water moccasin bites you but does no damage.
The water moccasin completely misses you.
You barely miss the water moccasin.
The water moccasin is moderately wounded.
* * * LOW HITPOINT WARNING * * *
You feel very sick. The water moccasin misses you.
You barely miss the water moccasin.
The water moccasin is moderately wounded.
You die...

######## #.........##.###
.......####.#.#.#.#.##...###
######....#.........####...#
#.##...#.#.#.#.# ###.# #
#.####.........# #.# ## ###
#.# #.#.#.#.#.# #.#####. ...
..# #.........# ###....†..
### #.######..##S###
#....#####
#..........@...####....#....
#........#.##..........#.###
#......#.###<####....#J#..
##.....#..##..########.##.
###.#.#....#.##...5...##.
###.#....#.##.#########
#.#......##......####
######.#......#...........
#....#.#####.......#.#..##


You could see a water moccasin.

Vanquished Creatures
  Sigmund (D:4)
  Edmund (D:5)
  An ice beast (D:5)
  2 ogres (D:5)
  2 necrophages (D:4)
  A hound (D:4)
  Crazy Yiuf (D:5)
  3 iguanas
  Robin (D:4)
  5 adders
  A worm (D:4)
  3 dart slugs
  3 orcs (D:5)
  4 ball pythons
  5 bats
  4 endoplasms
  11 goblins
  8 hobgoblins
  4 jackals (D:2)
  2 quokkas (D:5)
  6 frilled lizards
  7 kobolds
  11 rats
  A spectral orc (D:4)
88 creatures vanquished.

Vanquished Creatures (others)
  2 fungi (D:5)
2 creatures vanquished.

Grand Total: 90 creatures vanquished

Notes
Turn   | Place    | Note
-------+----------+-------------------------------------------
     0 | D:1      | marietta the Spriggan Brigand began the quest for the Orb.
     0 | D:1      | Reached XP level 1. HP: 10/10 MP: 2/2
   164 | D:1      | Reached skill level 6 in Stealth
   290 | D:1      | Reached XP level 2. HP: 14/14 MP: 3/3
   777 | D:2      | Identified the +0 robe of Ywkyny {Harm Regen+}
   999 | D:2      | Reached XP level 3. HP: 18/18 MP: 4/4
  1194 | D:2      | Reached skill level 7 in Stealth
  1882 | D:3      | Reached XP level 4. HP: 22/22 MP: 5/5
  2095 | D:4      | Reached skill level 8 in Stealth
  2111 | D:4      | Noticed a necrophage
  2118 | D:4      | Killed a necrophage
  2119 | D:4      | Reached XP level 5. HP: 24/25 MP: 6/6
  2126 | D:4      | Noticed Robin
  2164 | D:4      | Reached skill level 9 in Stealth
  2209 | D:4      | Killed Robin
  2260 | D:4      | Found Geblos's General Store.
  2468 | D:4      | Reached XP level 6. HP: 30/30 MP: 7/7
  2521 | D:4      | Noticed Sigmund
  2584 | D:4      | Killed Sigmund
  2585 | D:4      | Reached skill level 10 in Stealth
  2593 | D:4      | Reached skill level 5 in Short Blades
  2613 | D:4      | Identified the +1 robe of Beastly Birdsong {Rampage rElec
                  | Will+++ Dex-5}
  2874 | D:4      | Found a basalt altar of Yredelemnul.
  2987 | D:5      | Entered Level 5 of the Dungeon
  2987 | D:5      | Found a sacrificial altar of Ru.
  3016 | D:5      | Noticed an ice beast
  3023 | D:5      | Killed an ice beast
  3054 | D:5      | Reached XP level 7. HP: 33/33 MP: 8/8
  3069 | D:5      | Reached skill level 11 in Stealth
  3385 | D:5      | Found a glowing golden altar of the Shining One.
  3385 | D:5      | Found a shimmering blue altar of Sif Muna.
  3615 | D:5      | Found an ornate altar of the Wu Jian Council.
  3713 | D:5      | Found a white marble altar of Elyvilon.
  3719 | D:5      | Noticed Edmund
  3814 | D:5      | Killed Edmund
  3815 | D:5      | Reached skill level 12 in Stealth
  4045 | D:5      | Found a runed translucent door.
  4046 | D:5      | Noticed Crazy Yiuf
  4094 | D:5      | Killed Crazy Yiuf
  4246 | D:5      | HP: 1/33 [poisoned by a water moccasin]
  4247 | D:5      | Succumbed to a water moccasin's poison

Illustrated notes

Levels and vault maps discovered:
D:1:      co_arrival_random_square_maze, layout_rooms, minmay_pentomino_q4
D:2:      layout_loops_ring, st_stairs_13, minmay_fountain_box
D:3:      layout_rooms, minmay_crystal_water, st_stairs_1
D:4:      layout_basic, yredelemnul_forgotten_temple_becter, serial_shops,
          nicolae_inconvenience_store, uniq_robin, uniq_sigmund
D:5:      layout_rooms, mainiacjoe_overflow_alcove_1,
          mainiacjoe_overflow_six_doors_small, mainiacjoe_overflow_brackets,
          jmf_multi_god_temple, serial_co_window_serial, co_window_corner_a,
          co_window_paths_a, co_window_corner_a, co_window_corner_a,
          co_window_of_opportunity_a, co_window_paths_b, co_window_paths_b,
          co_window_unsneaky_path_e, co_window_broadway_c,
          co_window_of_opportunity_c, co_window_broadway_b, glass_columns_a,
          glass_columns_a, glass_columns_c, glass_columns_a, glass_columns_b,
          uniq_crazy_yiuf_cottage, uniq_edmund

Skill      XL: |  1  2  3  4  5  6  7 |
---------------+----------------------+-----
Stealth        | 6 7 8 9 10 12 | 12.4
Short Blades   | 3 4 5 6 |  6.0
Fighting       | |  1.5
Throwing       | |  2.0
Dodging        | |  1.3

Action                   |  1- 3 |  4- 6 |  7- 9 || total
-------------------------+-------+-------+-------++-------
Melee: Dagger            |    87 |       |       ||    87
       Rapier            |    25 |    84 |    62 ||   171
Throw: Dart              |     2 |       |    39 ||    41
Evoke: Wand              |       |       |     4 ||     4
  Use: Potion            |       |     2 |       ||     2
 Stab: Sleeping          |    14 |     4 |     2 ||    20
       Distracted        |     1 |     2 |       ||     3
Armor: Robe              |    13 |     7 |     4 ||    24
Dodge: Dodged            |    60 |    49 |    43 ||   152

Table legend: (Time is in decaauts)
 A = Elapsed time spent in this place.
 B = Non-inter-level travel time spent in this place.
 C = Inter-level travel time spent in this place.
 D = Time resting spent in this place.
 E = Time spent auto-exploring this place.
 F = Levels seen in this place.
 G = Mean time per level.
                   A        B        C        D        E       F      G
               +--------+--------+--------+--------+--------+-----+--------+
         Total |   2835 |   2699 |    136 |    211 |   1757 |   5 |  567.0 |
       Dungeon |   2835 |   2699 |    136 |    211 |   1757 |   5 |  567.0 |
               +--------+--------+--------+--------+--------+-----+--------+

Top non-repeatable levels by time:
     D:5: 809 daAuts
     D:4: 653 daAuts
     D:1: 514 daAuts
     D:2: 486 daAuts
     D:3: 372 daAuts
